 Dungeon Sprint DCSS version 0.20.1-1-g8b1a95d (console) character file.

4 hilaritas the Firebug (level 3, -1/19 HPs)
             Began as a Deep Elf Fire Elementalist on Mar 9, 2018.
             Was a Follower of Vehumet.
             Slain by Ijyb
             ... wielding a +0 club
              (3 damage)
             ... in the Dungeon (Sprint VI: "Thunderdome") on Mar 10, 2018.
             The game lasted 00:04:12 (243 turns).

hilaritas the Firebug (Deep Elf Fire Elementalist)   Turns: 243, Time: 00:04:12

Health: -1/19      AC:  2    Str:  5    XL:     3   Next: 32%
Magic:  7/10       EV: 13    Int: 20    God:    Vehumet [*.....]
Gold:   15         SH:  0    Dex: 15    Spells: 7/10 levels left

rFire    . . .     SeeInvis .   (no weapon)
rCold    . . .     Gourm    .   (no shield)
rNeg     . . .     Faith    .   a - +0 robe
rPois    .         Spirit   .   (no helmet)
rElec    .         Reflect  .   (no cloak)
rCorr    .         Harm     .   (no gloves)
MR       .....     NoTele   +   (no boots)
Stlth    ++........             (no amulet)
Regen    0.1/turn               (no ring)
MPRegen  0.2/turn               (no ring)

@: very slightly contaminated
A: no striking features
a: Renounce Religion


You were in the Dungeon.
You worshipped Vehumet.
Vehumet was aware of your devotion.
You were not hungry.

You visited 1 branch You collected 210 gold pieces.
You spent 195 gold pieces at shops.

Inventory:

Armour
 a - a +0 robe (worn)
Jewellery
 n - the ring of Napty {+Inv +Fly rF+ rN+, unknown}
   (You bought it in a shop in the Dungeon)

   [ring of flight]

   It protects you from fire.
   It protects you from negative energy.
   It lets you turn invisible.
   It lets you fly.
Wands
 k - a wand of acid (5/15)
 l - a wand of iceblast (5/15)
Scrolls
 i - 4 scrolls of blinking
 m - 3 scrolls of fog
 o - 3 scrolls of identify
Potions
 d - a potion of curing
 e - 3 potions of heal wounds
 f - 4 potions of haste
 g - a potion of magic
 h - a potion of berserk rage
 j - a potion of resistance
Books
 b - a book of Flames

   Spells                             Type                      Level
   a - Flame Tongue                   Conjuration/Fire             1
   b - Throw Flame                    Conjuration/Fire             2
   c - Conjure Flame                  Conjuration/Fire             3
   d - Inner Flame                    Hexes/Fire                   3
   e - Sticky Flame                   Conjuration/Fire             4
   f - Fireball                       Conjuration/Fire             5
Comestibles
 c - a bread ration


   Skills:
 - Level 2.4 Dodging
 - Level 2.4 Stealth
 * Level 4.4 Spellcasting
 - Level 3.7 Conjurations
 - Level 6.5 Fire Magic


You had 7 spell levels left.
You knew the following spells:

 Your Spells              Type           Power        Failure   Level  Hunger
a - Flame Tongue          Conj/Fire      ###..        1%          1    None
b - Throw Flame           Conj/Fire      ###...       2%          2    #......


Dungeon Overview and Level Annotations

Branches:
Dungeon (1/1)

Altars:
Cheibriados
Dithmenos
Fedhas
Gozag
Kikubaaqudgha
Makhleb
Okawaru
Qazlal
Ru
Sif Muna
Trog
Uskayaw
Vehumet
Xom
Yredelemnul
Zin
The Shining One
Beogh
Jiyva
Lugonu

Shops:
D *[%??*?*:[((!!!!

Annotations:
D Ijyb


Message History

Ijyb hits you with a club. The big kobold hits you with a whip.
Casting: Flame Tongue
Confirm with . or Enter, or press ? or * to list all spells.
Aiming: Flame Tongue
Press: ? - help, Shift-Dir - straight line, f/p - Ijyb
Aim: Ijyb, wielding a club, wearing a scale mail and carrying a wand of digging (?/24) {zapped: 1} (almost dead)
You miscast Flame Tongue.
You are very lightly contaminated with residual magic.
Nothing appears to happen.
The hobgoblin closely misses you. The big kobold hits you with a whip.
* * * LOW HITPOINT WARNING * * *
Ijyb hits you but does no damage.
Casting: Flame Tongue
Confirm with . or Enter, or press ? or * to list all spells.
Aiming: Flame Tongue
Press: ? - help, Shift-Dir - straight line, f/p - Ijyb
Aim: Ijyb, wielding a club, wearing a scale mail and carrying a wand of digging (?/24) {zapped: 1} (almost dead)
The flame tongue misses Ijyb.
The big kobold closely misses you. The hobgoblin closely misses you.
Ijyb hits you with a club.
You die...

#_......._# #........_#
#_......._# ###.........###
#⌠...........⌠#
######.8.........8.######
##∩___......###......___∩##
##∩........8.# #.8........∩###
.............###.............##
..........###..g#g#..........⌠#
..........# #.<.@##..........⌠#
..........###..K###..........⌠#
.............#.#.............##
##∩........8..##.8........∩###
##∩_._......###.......__∩##
######.8......K..8.######
#⌠...........⌠# ###.........###
#_......._# #_......._#
#........_#


You could see a big kobold, Ijyb and a hobgoblin.

Vanquished Creatures
  A jelly (D)
  2 oozes (D)
3 creatures vanquished.

Notes
Turn   | Place    | Note
-------+----------+-------------------------------------------
     0 | D        | hilaritas the Deep Elf Fire Elementalist began the quest for the Orb.
     0 | D        | Reached XP level 1. HP: 10/10 MP: 6/6
     1 | D        | Found a blossoming altar of Fedhas.
     1 | D        | Found an iron altar of Okawaru.
     2 | D        | Found a sacrificial altar of Ru.
     2 | D        | Found a radiant altar of Vehumet.
     3 | D        | Found a burning altar of Makhleb.
     3 | D        | Found a glowing golden altar of the Shining One.
     5 | D        | Found a snail-covered altar of Cheibriados.
     5 | D        | Found a corrupted altar of Lugonu.
     5 | D        | Round 1.
     6 | D        | Found a hide-covered altar of Uskayaw.
     6 | D        | Found Ashun's Staff Store.
     6 | D        | Found Bamakhlek's Magic Scroll Shop.
     7 | D        | Found Kufesule's Must-Have Magic.
     7 | D        | Found Zacsuf's Magic Scroll Shop.
    12 | D        | Became a worshipper of Vehumet
    24 | D        | Found a viscous altar of Jiyva.
    28 | D        | Found an ancient bone altar of Kikubaaqudgha.
    28 | D        | Found a shimmering altar of Xom.
    28 | D        | Found Gixe's Bee Food.
    28 | D        | Found Opuapan's Jewellery.
    29 | D        | Found Mechiatt's Advanced Armour.
    34 | D        | Found Rahyri's Identification Station.
    34 | D        | Found a glowing silver altar of Zin.
    34 | D        | Found a shadowy altar of Dithmenos.
    35 | D        | Bought a wavering granite ring for 45 gold pieces
    40 | D        | Noticed a jelly
    45 | D        | Killed a jelly
    45 | D        | Reached skill level 6 in Fire Magic
    45 | D        | Reached XP level 2. HP: 15/15 MP: 2/8
    45 | D        | Reached XP level 3. HP: 19/19 MP: 2/9
    49 | D        | Learned a level 2 spell: Throw Flame
   108 | D        | Bought 3 scrolls of identify for 150 gold pieces
   113 | D        | Found an opulent altar of Gozag.
   115 | D        | Found a deep blue altar of Sif Muna.
   115 | D        | Found Rocudel's Premium Goods.
   115 | D        | Found Apytujea's Miscellaneous Merchandise.
   116 | D        | Found Jimit's Basic Armour.
   121 | D        | Found Seufom's Weapon Rack.
   121 | D        | Found a bloodstained altar of Trog.
   121 | D        | Found a roughly hewn altar of Beogh.
   121 | D        | Found a stormy altar of Qazlal.
   137 | D        | Reached * piety under Vehumet
   137 | D        | Offered knowledge of Shock by Vehumet.
   184 | D        | Found a basalt altar of Yredelemnul.
   184 | D        | Found Qireaq's Do-It-Yourself Clinic.
   184 | D        | Found Ofunnied's Bottled Wisdom.
   185 | D        | Found Vigil's Distillery.
   186 | D        | Found Yklit's Distillery.
   189 | D        | Arena points: 4 (+4) [x1]
   204 | D        | Round 2.
   206 | D        | Noticed Ijyb
   226 | D        | Noticed a big kobold
   243 | D        | Slain by Ijyb

Skill      XL: |  1  2  3 |
---------------+----------+-----
Conjurations   | 3 |  3.7
Fire Magic     | 6 |  6.5
Spellcasting   | 4 |  4.4
Dodging        | |  2.4
Stealth        | |  2.4

Action                   || total
-------------------------++-------
Melee: Unarmed           ||    11
 Cast: Flame Tongue      ||    23
  Use: Potion            ||     2
Armor: Robe              ||     6
Dodge: Dodged            ||    26
